Map: Congelamento ER

Players

DominiC

  • Race: Protoss Protoss
  • League: Grandmaster
  • Spawn Location: 1:00

TheZergLord - Winner!

  • Race: Zerg Zerg
  • League: Master
  • Spawn Location: 5:00

VOD

Have the link to the VOD?

Description

Time

  • Played on: May 24, 2016, 9:17 a.m.
  • Length: 12:47
Show
View Real Time Build Order
Export as new Build Order

DominiC Protoss 

Build Orders: 1 Gate Expand, Phoenix Opening 

Get SALT Encoding   

  12  0:01  Probe (Chrono Boost)  
  13  0:11  Probe (Chrono Boost)  
  14  0:18  Pylon  
  14  0:22  Probe (Chrono Boost)  
  15  0:36  Probe (Chrono Boost)  
  15  0:39  Gateway  
  16  0:47  Probe (Chrono Boost)  
  16  0:49  Assimilator  
  17  0:57  Probe (Chrono Boost)  
  18  1:08  Probe (Chrono Boost)  
  19  1:25  Nexus  
  19  1:28  Probe (Chrono Boost)  
  20  1:40  Cybernetics Core  
  20  1:41  Probe (Chrono Boost)  
  21  1:49  Pylon  
  21  1:52  Probe (Chrono Boost)  
  22  1:57  Assimilator  
  22  2:04  Pylon  
  22  2:05  Probe (Chrono Boost)  
  23  2:08  Zealot  
  25  2:16  Probe (Chrono Boost)  
  26  2:24  Stargate  
  26  2:27  Probe (Chrono Boost)  
  27  2:37  Probe (Chrono Boost)  
  27  2:38  Probe (Chrono Boost)  
  29  2:48  Probe (Chrono Boost)  
  29  2:49  Mothership Core (Chrono Boost)  
  34  2:58  Probe (Chrono Boost)  
  34  3:01  Warp Gate  
  35  3:06  Probe (Chrono Boost)  
  35  3:09  Probe (Chrono Boost)  
  35  3:10  Phoenix (Chrono Boost)  
  37  3:15  Probe  
  38  3:20  Pylon, Probe  
  39  3:27  Probe (Chrono Boost)  
  39  3:32  Phoenix (Chrono Boost)  
  39  3:33  Probe (Chrono Boost)  
  43  3:38  Probe (Chrono Boost)  
  44  3:43  Probe (Chrono Boost)  
  44  3:44  Gateway  
  44  3:46  Gateway  
  45  3:49  Probe (Chrono Boost)  
  45  3:54  Probe (Chrono Boost)  
  47  3:56  Phoenix  
  47  3:59  Pylon, Probe (Chrono Boost)  
  50  4:05  Probe (Chrono Boost)  
  50  4:07  Pylon  
  51  4:10  Probe (Chrono Boost)  
  51  4:15  Probe (Chrono Boost)  
  55  4:17  Adept  
  55  4:20  Probe (Chrono Boost)  
  55  4:21  Phoenix  
  58  4:37  Probe (Chrono Boost)  
  59  4:42  Probe (Chrono Boost)  
  58  4:55  Probe x2 (Chrono Boost)  
  58  4:57  Assimilator  
  58  4:58  Nexus  
  58  4:59  Pylon, Assimilator  
  60  5:01  Pylon  
  60  5:05  Probe (Chrono Boost)  
  60  5:06  Phoenix  
  63  5:07  Probe (Chrono Boost)  
  63  5:12  Adept  
  63  5:13  Adept  
  68  5:18  Probe x2 (Chrono Boost)  
  68  5:22  Adept  
  70  5:29  Probe x2 (Chrono Boost)  
  70  5:30  Gateway  
  70  5:31  Phoenix  
  74  5:39  Probe x2 (Chrono Boost)  
  74  5:51  Adept x3  
  74  5:53  Probe x2 (Chrono Boost)  
  84  5:59  Robotics Facility  
  84  6:00  Robotics Facility  
  84  6:02  Pylon  
  84  6:03  Probe x2 (Chrono Boost)  
  78  6:20  Adept  
  78  6:21  Adept x2  
  78  6:25  Probe x2 (Chrono Boost)  
  84  6:27  Probe (Chrono Boost)  
  84  6:32  Gateway  
  85  6:33  Pylon  
  85  6:35  Probe x2 (Chrono Boost)  
  79  6:58  Immortal x2 (Chrono Boost)  
  79  7:00  Adept x4  
  93  7:05  Probe  
  93  7:06  Probe x2  
  94  7:10  Assimilator  
  94  7:12  Assimilator  
  94  7:13  Twilight Council  
  94  7:14  Gateway  
  94  7:16  Gateway  
  94  7:18  Gateway  
  94  7:19  Gateway  
  94  7:24  Adept x3  
  94  7:25  Adept  
  94  7:26  Probe  
  94  7:27  Probe  
  104  7:38  Observer (Chrono Boost), Immortal (Chrono Boost)  
  109  7:57  Immortal (Chrono Boost)  
  101  8:00  Stalker, Sentry x2  
  101  8:01  Stalker x2  
  101  8:05  Probe  
  108  8:07  Charge  
  108  8:11  Templar Archives  
  108  8:14  Adept  
  108  8:15  Adept x2  
  114  8:25  Warp Prism (Chrono Boost)  
  114  8:27  Adept  
  114  8:31  Pylon  
  114  8:32  Pylon  
  114  8:33  Pylon  
  112  8:35  Pylon  
  112  8:36  Pylon  
  112  8:52  Nexus, High Templar  
  112  8:53  High Templar x3  
  112  8:55  Pylon  
  120  8:57  Archon  
  120  8:58  Archon  
  120  9:01  Immortal (Chrono Boost)  
  124  9:05  Immortal (Chrono Boost)  
  127  9:13  Probe  
  128  9:17  High Templar x2  
  128  9:18  Zealot x2  
  128  9:21  Archon  
  136  9:34  Pylon  
  136  9:35  Immortal (Chrono Boost)  
  136  9:37  Pylon  
  140  9:38  High Templar  
  140  9:39  High Templar, Zealot x3  
  140  9:41  Pylon  
  140  9:43  Archon  
  138  9:56  Pylon  
  138  9:59  Immortal (Chrono Boost)  
  142  10:07  High Templar  
  142  10:08  High Templar, Zealot x4  
  142  10:09  Immortal (Chrono Boost)  
  158  10:17  Forge  
  158  10:21  Archon  
  158  10:22  Forge  
  158  10:30  Zealot x3  
  158  10:31  Zealot x2  
  166  10:40  Immortal (Chrono Boost)  
  166  10:41  High Templar x2  
  174  10:46  Zealot  
  148  10:57  Archon  
  148  11:03  Zealot  
  148  11:04  Zealot x3  
  129  11:07  Oracle  
  135  11:11  Observer (Chrono Boost)  
  135  11:12  Zealot  
  117  11:27  High Templar x2  
  117  11:28  Zealot x4  
  117  11:31  Archon  
  128  11:34  Probe  
  128  11:36  Probe  
  130  11:45  Probe  
  131  11:48  Probe  
  131  11:49  Zealot  
  131  11:50  Zealot  
  136  12:00  Probe  
  137  12:07  Probe  
  120  12:33  Zealot  
  120  12:34  Zealot x6  
Show
View Real Time Build Order
Export as new Build Order

TheZergLord Zerg - Winner!

Build Orders: Hatch First, Lurkers 

Get SALT Encoding   

  12  0:01  Drone  
  13  0:12  Overlord  
  13  0:17  Drone  
  14  0:33  Drone x2  
  17  0:35  Drone  
  17  0:59  Drone  
  17  1:00  Drone  
  17  1:04  Hatchery  
  18  1:13  Extractor  
  18  1:14  Spawning Pool  
  18  1:17  Drone  
  17  1:22  Drone  
  18  1:30  Drone  
  19  1:39  Overlord  
  19  2:00  Drone  
  20  2:02  Queen  
  20  2:03  Zergling x2  
  23  2:15  Queen  
  23  2:17  Metabolic Boost  
  23  2:18  Drone x2  
  27  2:26  Drone  
  27  2:27  Drone  
  29  2:32  Drone  
  30  2:42  Hatchery  
  29  2:48  Drone x2  
  31  2:52  Drone  
  31  2:56  Overlord  
  32  2:58  Drone  
  33  3:07  Overlord  
  33  3:11  Drone x3  
  36  3:17  Queen  
  38  3:21  Queen  
  38  3:26  Drone x2  
  42  3:28  Drone  
  43  3:37  Overlord  
  43  3:39  Drone x2  
  43  3:40  Drone x2  
  47  3:50  Overlord  
  47  3:58  Queen  
  47  3:59  Queen  
  51  4:12  Drone x2  
  51  4:13  Drone x7  
  60  4:17  Spore Crawler  
  59  4:24  Spore Crawler  
  58  4:35  Overlord x2  
  58  4:43  Lair  
  58  4:54  Drone x6  
  58  4:55  Drone x2  
  66  5:01  Overlord x3  
  66  5:02  Spore Crawler, Overlord  
  64  5:19  Zergling x4  
  64  5:20  Zergling x12  
  72  5:31  Evolution Chamber  
  72  5:34  Drone x4  
  72  5:35  Drone x4  
  79  5:44  Drone x2  
  79  5:45  Drone x2  
  79  5:47  Drone  
  79  5:48  Drone  
  85  5:50  Extractor  
  85  5:51  Hydralisk Den, Extractor  
  85  5:53  Extractor x2  
  85  5:55  Extractor  
  85  5:57  Drone x3, Zerg Missile Weapons Level 1  
  79  5:58  Drone x2  
  80  6:26  Drone x11  
  91  6:37  Zergling x2  
  91  6:38  Zergling x14  
  84  6:58  Drone x8  
  84  7:00  Muscular Augments  
  89  7:14  Hydralisk x4  
  95  7:30  Hydralisk  
  95  7:33  Hatchery, Overlord x4  
  95  7:36  Overlord  
  96  7:37  Overseer  
  94  7:52  Hydralisk  
  94  7:53  Hydralisk x9  
  111  7:59  Hydralisk x2  
  111  8:00  Hydralisk x3  
  111  8:02  Zergling x4  
  122  8:08  Zerg Missile Weapons Level 2  
  122  8:11  Zergling x6  
  125  8:22  Lurker Den  
  125  8:23  Pneumatized Carapace  
  122  8:27  Zergling x6  
  122  8:28  Zergling x10  
  129  8:45  Hydralisk x2  
  129  8:46  Hydralisk x4  
  129  8:47  Zergling x4  
  143  8:49  Overlord x4  
  143  9:00  Overlord x3  
  143  9:07  Queen  
  143  9:09  Drone x6  
  151  9:18  Zergling x6  
  151  9:19  Zergling x6  
  151  9:21  Extractor  
  151  9:22  Spore Crawler, Extractor  
  154  9:26  Zergling x6  
  157  9:35  Zergling x2  
  157  9:36  Zergling x10  
  150  9:56  Lurker x9  
  150  9:57  Lurker x3  
  162  10:08  Zergling x32  
  178  10:34  Hydralisk x8  
  194  10:36  Queen  
  171  11:03  Hydralisk x9  
  171  11:04  Hydralisk x3  
  179  11:10  Lurker  
  179  11:11  Lurker x3  
  193  11:16  Hydralisk x3  
  193  11:17  Hydralisk  
  194  11:18  Zergling x6  
  194  11:19  Zergling x8  
  177  11:43  Hatchery  
  177  11:46  Hydralisk x3  
  180  11:47  Zergling x6  
  180  11:48  Zergling x8  
  180  11:50  Lurker x3  
  191  12:22  Overlord x2  
  191  12:23  Overlord x2  
Tags
 
Add a new tag
Caveats
  • Supply blocks, unpowered buildings, or Contaminate may cause inaccurate times.
  • Supply counts are checked every 10 seconds.